TOP OF THE 1ST |
San Jose Missions batting - Pitching for Las Vegas Stars : RHP Dema Mitenkov
|
Pitching: RHP Dema Mitenkov
|
|
Batting: RHB Culley Douglas
|
0-0: Called Strike 0-1: Ball 1-1: Swinging Strike 1-2: Ball 2-2: Ball 3-2: Strikes out looking
|
Batting: RHB Jorge Díaz
|
0-0: Ball 1-0: Foul Ball, location: 2F 1-1: Fly out, F8 (Flyball, 8RS)
|
Batting: RHB Dale Taylor
|
0-0: Ball 1-0: Ground out 6-3 (Groundball, 6)
|
Top of the 1st over - 0 run(s), 0 hit(s), 0 error(s), 0 left on base; San Jose 0 - Las Vegas 0 |
BOTTOM OF THE 1ST |
Las Vegas Stars batting - Pitching for San Jose Missions : RHP Luis Ortíz
|
Pitching: RHP Luis Ortíz
|
|
Batting: RHB Bobby Miller
|
0-0: Ball 1-0: Ball 2-0: Foul Ball, location: 2F 2-1: Ground out 6-3 (Groundball, 6)
|
Batting: SHB Júlio Salazar
|
0-0: Ball 1-0: Foul Ball, location: 2F 1-1: Foul Ball, location: 2F 1-2: Ball 2-2: Foul Ball, location: 2F 2-2: Strikes out swinging
|
Batting: RHB William Richardson
|
0-0: DOUBLE (Flyball, 78D)
|
Batting: SHB Chris Bennis
|
0-0: Foul Ball, location: 2F 0-1: Ball 1-1: Called Strike 1-2: Fly out, F8 (Flyball, 8LD)
|
Bottom of the 1st over - 0 run(s), 1 hit(s), 0 error(s), 1 left on base; San Jose 0 - Las Vegas 0 |
TOP OF THE 2ND |
San Jose Missions batting - Pitching for Las Vegas Stars : RHP Dema Mitenkov
|
Batting: RHB Chang-geun Kim
|
0-0: Swinging Strike 0-1: Ball 1-1: Called Strike 1-2: Foul Ball, location: 2F 1-2: Hit by Pitch
|
Batting: RHB Naomichi Aoki
|
0-0: Ball 1-0: Ball 2-0: Ball 3-0: Base on Balls Chang-geun Kim to second
|
Batting: RHB Ed Starr
|
0-0: Swinging Strike 0-1: Ball 1-1: Ball 2-1: Ball 3-1: Base on Balls Chang-geun Kim to third Naomichi Aoki to second
|
Batting: RHB Peyton Pennington
|
0-0: Ball 1-0: Foul Ball, location: 2F 1-1: Ball 2-1: Ground out U3 (Groundball, 3S) Chang-geun Kim scores Naomichi Aoki to third Ed Starr to second
|
Batting: RHB José Sánchez
|
0-0: Called Strike 0-1: Fly out, F3 (Popup, 3)
|
Batting: RHB Miguel Mendoza
|
0-0: Ball 1-0: Ball 2-0: Ball 3-0: Base on Balls
|
Batting: RHB Culley Douglas
|
0-0: Called Strike 0-1: Ball 1-1: Fielders Choice at 2nd, 6-4 (Groundball, 6)
|
Top of the 2nd over - 1 run(s), 0 hit(s), 0 error(s), 2 left on base; San Jose 1 - Las Vegas 0 |
BOTTOM OF THE 2ND |
Las Vegas Stars batting - Pitching for San Jose Missions : RHP Luis Ortíz
|
Batting: LHB Robinson Fernández
|
0-0: Called Strike 0-1: Swinging Strike 0-2: SINGLE (Groundball, 4MD)
|
Batting: LHB Bryan Foster
|
0-0: Foul Ball, location: 2F 0-1: Ball 1-1: Ball 2-1: Called Strike 2-2: Ball 3-2: Foul Ball, location: 2F 3-2: Grounds into double play, 4-6-3 (Groundball, 4)
|
Batting: LHB Clint Parkinson
|
0-0: Swinging Strike 0-1: Ball 1-1: Ball 2-1: Fly out, F7 (Flyball, 7)
|
Bottom of the 2nd over - 0 run(s), 1 hit(s), 0 error(s), 0 left on base; San Jose 1 - Las Vegas 0 |
TOP OF THE 3RD |
San Jose Missions batting - Pitching for Las Vegas Stars : RHP Dema Mitenkov
|
Batting: RHB Jorge Díaz
|
0-0: Called Strike 0-1: Called Strike 0-2: Foul Ball, location: 2F 0-2: Foul Ball, location: 2F 0-2: Ball 1-2: Strikes out looking
|
Batting: RHB Dale Taylor
|
0-0: Ball 1-0: Ball 2-0: Foul Ball, location: 2F 2-1: Foul Ball, location: 2F 2-2: Ball 3-2: Strikes out swinging
|
Batting: RHB Chang-geun Kim
|
0-0: Called Strike 0-1: Ball 1-1: Ball 2-1: Ball 3-1: Ground out 6-3 (Groundball, 6S)
|
Top of the 3rd over - 0 run(s), 0 hit(s), 0 error(s), 0 left on base; San Jose 1 - Las Vegas 0 |
BOTTOM OF THE 3RD |
Las Vegas Stars batting - Pitching for San Jose Missions : RHP Luis Ortíz
|
Batting: SHB Sloan James
|
0-0: Ball 1-0: Ground out U3 (Groundball, 34)
|
Batting: LHB Nathan Frey
|
0-0: Ball 1-0: Ball 2-0: Called Strike 2-1: Foul Ball, location: 2F 2-2: Ball 3-2: Strikes out swinging
|
Batting: RHB Bobby Miller
|
0-0: Ball 1-0: Ball 2-0: Ball 3-0: Called Strike 3-1: Swinging Strike 3-2: Fly out, F9 (Flyball, 9S)
|
Bottom of the 3rd over - 0 run(s), 0 hit(s), 0 error(s), 0 left on base; San Jose 1 - Las Vegas 0 |
TOP OF THE 4TH |
San Jose Missions batting - Pitching for Las Vegas Stars : RHP Dema Mitenkov
|
Batting: RHB Naomichi Aoki
|
0-0: Called Strike 0-1: Foul Ball, location: 2F 0-2: Ball 1-2: SINGLE (Groundball, 56D)
|
Batting: RHB Ed Starr
|
0-0: Ball 1-0: Ball 2-0: Ball 3-0: Called Strike 3-1: Base on Balls Naomichi Aoki to second
|
Batting: RHB Peyton Pennington
|
0-0: Foul Ball, location: 2F 0-1: Grounds into double play, 6-4-3 (Groundball, 6) Naomichi Aoki to third
|
Batting: RHB José Sánchez
|
0-0: Ball 1-0: Called Strike 1-1: Foul Ball, location: 2F 1-2: Foul Ball, location: 2F 1-2: Ball 2-2: Ground out 6-3 (Groundball, 6S)
|
Top of the 4th over - 0 run(s), 1 hit(s), 0 error(s), 1 left on base; San Jose 1 - Las Vegas 0 |
BOTTOM OF THE 4TH |
Las Vegas Stars batting - Pitching for San Jose Missions : RHP Luis Ortíz
|
Batting: SHB Júlio Salazar
|
0-0: Ball 1-0: Called Strike 1-1: Ball 2-1: Bunted foul 2-2: Reached on error, E3 (Groundball, 34S)
|
Batting: RHB William Richardson
|
0-0: Ball 1-0: Fly out, F8 (Line Drive, 8LD)
|
Batting: SHB Chris Bennis
|
0-0: Ball 1-0: Ball 2-0: Ball 3-0: Base on Balls Júlio Salazar to second
|
Batting: LHB Robinson Fernández
|
0-0: Ball 1-0: Ball Júlio Salazar steals 3rd base Chris Bennis to second 2-0: Foul Ball, location: 2F 2-1: Ball 3-1: Base on Balls
|
Batting: LHB Bryan Foster
|
0-0: Foul Ball, location: 2F 0-1: Called Strike 0-2: SINGLE (Flyball, 89S) Júlio Salazar scores Chris Bennis to third Robinson Fernández to second Runner from 3rd tries for Home, SAFE, throw made home
|
Batting: LHB Clint Parkinson
|
0-0: Called Strike 0-1: SINGLE (Groundball, 2R) (infield hit) Robinson Fernández to third Bryan Foster to second
|
Batting: SHB Sloan James
|
0-0: Ball 1-0: Ball 2-0: Ball 3-0: Base on Balls Robinson Fernández scores Bryan Foster to third Clint Parkinson to second
|
Batting: LHB Nathan Frey
|
0-0: Called Strike 0-1: Fly out, F8 (Flyball, 8LD) Runner from 3rd tags up, SCORES, no throw
|
Batting: RHB Bobby Miller
|
0-0: Called Strike 0-1: Swinging Strike 0-2: Foul Ball, location: 2F 0-2: Foul Ball, location: 2F 0-2: Ball 1-2: Foul Ball, location: 2F 1-2: Fielders Choice at 2nd, 6-4 (Groundball, 6)
|
Bottom of the 4th over - 4 run(s), 2 hit(s), 1 error(s), 1 left on base; San Jose 1 - Las Vegas 4 |
TOP OF THE 5TH |
San Jose Missions batting - Pitching for Las Vegas Stars : RHP Dema Mitenkov
|
Batting: RHB Miguel Mendoza
|
0-0: Ball 1-0: Ball 2-0: Called Strike 2-1: Ball 3-1: Foul Ball, location: 2F 3-2: Strikes out swinging
|
Batting: RHB Culley Douglas
|
0-0: Foul Ball, location: 2F 0-1: Foul Ball, location: 2F 0-2: Ball 1-2: Ball 2-2: Strikes out swinging
|
Batting: RHB Jorge Díaz
|
0-0: SINGLE (Line Drive, 4MD)
|
Batting: RHB Dale Taylor
|
0-0: Ball 1-0: Ball 2-0: Swinging Strike 2-1: Ball 3-1: Called Strike 3-2: Strikes out looking
|
Top of the 5th over - 0 run(s), 1 hit(s), 0 error(s), 1 left on base; San Jose 1 - Las Vegas 4 |
BOTTOM OF THE 5TH |
Las Vegas Stars batting - Pitching for San Jose Missions : RHP Luis Ortíz
|
Batting: SHB Júlio Salazar
|
0-0: Ball 1-0: Called Strike 1-1: Called Strike 1-2: SOLO HOME RUN (Flyball, 7D), Distance : 418 ft
|
Batting: RHB William Richardson
|
0-0: Ball 1-0: Swinging Strike 1-1: Ball 2-1: Ball 3-1: Base on Balls
|
Batting: SHB Chris Bennis
|
0-0: Ball 1-0: Ball 2-0: Ball 3-0: Base on Balls William Richardson to second
|
Pitching: RHP David Bates
|
|
Batting: LHB Robinson Fernández
|
0-0: Called Strike 0-1: Ball 1-1: Swinging Strike 1-2: Foul Ball, location: 2F 1-2: Ball 2-2: Ball 3-2: Base on Balls William Richardson to third Chris Bennis to second
|
Batting: LHB Bryan Foster
|
0-0: DOUBLE (Line Drive, 9LM) William Richardson scores Chris Bennis scores Robinson Fernández to third
|
Batting: LHB Clint Parkinson
|
0-0: Called Strike 0-1: Foul Ball, location: 2F 0-2: Ball 1-2: Ball 2-2: Foul Ball, location: 2F 2-2: Foul Ball, location: 2F 2-2: 3-RUN HOME RUN (Flyball, 9D), Distance : 412 ft
|
Batting: SHB Sloan James
|
0-0: Ball 1-0: Ball 2-0: Ball 3-0: Base on Balls
|
Batting: LHB Nathan Frey
|
0-0: Fielders Choice at 2nd, 3-6 (Groundball, 34)
|
Batting: RHB Bobby Miller
|
0-0: Called Strike 0-1: Fly out, F5 (Line Drive, 56S)
|
Batting: SHB Júlio Salazar
|
0-0: SINGLE (Line Drive, 9LS) Nathan Frey to second Runner from 2nd tries for 3rd, SAFE, throw made to third
|
Batting: RHB William Richardson
|
0-0: Ball Wild Pitch! Nathan Frey scores Júlio Salazar to second 1-0: Swinging Strike 1-1: Foul Ball, location: 2F 1-2: Ball 2-2: Ball 3-2: Base on Balls
|
Pitching: RHP Rafael Ressureio
|
|
Batting: SHB Chris Bennis
|
0-0: Foul Ball, location: 2F 0-1: Ball 1-1: Foul Ball, location: 2F 1-2: 3-RUN HOME RUN (Flyball, 78XD), Distance : 424 ft
|
Batting: LHB Robinson Fernández
|
0-0: Ball 1-0: Foul Ball, location: 2F 1-1: Called Strike 1-2: Foul Ball, location: 2F 1-2: Ball 2-2: Strikes out swinging
|
Bottom of the 5th over - 10 run(s), 5 hit(s), 0 error(s), 0 left on base; San Jose 1 - Las Vegas 14 |
TOP OF THE 6TH |
San Jose Missions batting - Pitching for Las Vegas Stars : RHP Dema Mitenkov
|
Batting: RHB Chang-geun Kim
|
0-0: Swinging Strike 0-1: Ball 1-1: Fly out, F6 (Line Drive, 6M)
|
Batting: RHB Naomichi Aoki
|
0-0: Ball 1-0: Ball 2-0: Called Strike 2-1: Ball 3-1: Base on Balls
|
Batting: RHB Ed Starr
|
0-0: Ball 1-0: Swinging Strike 1-1: Ball 2-1: Called Strike 2-2: Strikes out swinging
|
Pitching: RHP Arthur Green
|
|
Batting: RHB Peyton Pennington
|
0-0: Called Strike 0-1: Swinging Strike 0-2: Strikes out swinging
|
Top of the 6th over - 0 run(s), 0 hit(s), 0 error(s), 1 left on base; San Jose 1 - Las Vegas 14 |
BOTTOM OF THE 6TH |
Las Vegas Stars batting - Pitching for San Jose Missions : RHP Rafael Ressureio
|
Batting: LHB Bryan Foster
|
0-0: Ball 1-0: Called Strike 1-1: Swinging Strike 1-2: Strikes out swinging
|
Batting: LHB Clint Parkinson
|
0-0: Ball 1-0: Ball 2-0: Ball 3-0: Called Strike 3-1: Fly out, F8 (Line Drive, 8RD)
|
Batting: SHB Sloan James
|
0-0: Ball 1-0: SINGLE (Flyball, 9LS)
|
Pinch Hitting: RHB Pedro Mata
|
0-0: SINGLE (Flyball, 4D) Sloan James to second Runner from 2nd tries for 3rd, SAFE, throw made to third
|
Batting: RHB Bobby Miller
|
0-0: Called Strike 0-1: Ball 1-1: Ball 2-1: Foul Ball, location: 2F 2-2: SINGLE (Groundball, 56D) Sloan James scores Pedro Mata to second
|
Batting: SHB Júlio Salazar
|
0-0: Called Strike 0-1: Fly out, F8 (Line Drive, 8RD)
|
Bottom of the 6th over - 1 run(s), 3 hit(s), 0 error(s), 2 left on base; San Jose 1 - Las Vegas 15 |
TOP OF THE 7TH |
San Jose Missions batting - Pitching for Las Vegas Stars : RHP Arthur Green
|
Now at 2B: Héctor Barajas
|
|
Batting: RHB José Sánchez
|
0-0: Ball 1-0: Ball 2-0: Called Strike 2-1: Foul Ball, location: 2F 2-2: Foul Ball, location: 2F 2-2: SINGLE (Flyball, 7LS)
|
Batting: RHB Miguel Mendoza
|
0-0: Ball 1-0: Called Strike 1-1: Swinging Strike 1-2: Strikes out looking
|
Batting: RHB Culley Douglas
|
0-0: Ball 1-0: Ball 2-0: Called Strike 2-1: Foul Ball, location: 2F 2-2: Strikes out swinging
|
Batting: RHB Jorge Díaz
|
0-0: Ball 1-0: Foul Ball, location: 2F 1-1: Called Strike 1-2: Strikes out looking
|
Top of the 7th over - 0 run(s), 1 hit(s), 0 error(s), 1 left on base; San Jose 1 - Las Vegas 15 |
BOTTOM OF THE 7TH |
Las Vegas Stars batting - Pitching for San Jose Missions : RHP Rafael Ressureio
|
Batting: RHB William Richardson
|
0-0: Called Strike 0-1: Called Strike 0-2: Ball 1-2: Ball 2-2: Fly out, F3 (Line Drive, 34)
|
Batting: SHB Chris Bennis
|
0-0: Ball 1-0: Ball 2-0: Ball 3-0: Called Strike 3-1: Swinging Strike 3-2: Fly out, F7 (Flyball, 78XD)
|
Batting: LHB Robinson Fernández
|
0-0: Ball 1-0: Ball 2-0: Ball 3-0: Base on Balls
|
Batting: LHB Bryan Foster
|
0-0: Called Strike 0-1: Foul Ball, location: 2F 0-2: Strikes out swinging
|
Bottom of the 7th over - 0 run(s), 0 hit(s), 0 error(s), 1 left on base; San Jose 1 - Las Vegas 15 |
TOP OF THE 8TH |
San Jose Missions batting - Pitching for Las Vegas Stars : RHP Arthur Green
|
Now in RF: Ricardo Guzmán
|
|
Batting: RHB Dale Taylor
|
0-0: Swinging Strike 0-1: Foul Ball, location: 2F 0-2: Ball 1-2: Strikes out swinging
|
Batting: RHB Chang-geun Kim
|
0-0: Ball 1-0: SINGLE (Line Drive, 7S)
|
Batting: RHB Naomichi Aoki
|
0-0: Called Strike 0-1: Ball 1-1: Fly out, F6 (Line Drive, 6M)
|
Batting: RHB Ed Starr
|
0-0: Ball 1-0: Foul Ball, location: 2F 1-1: Foul Ball, location: 2F 1-2: Ground out 1-3 (Groundball, 15S)
|
Top of the 8th over - 0 run(s), 1 hit(s), 0 error(s), 1 left on base; San Jose 1 - Las Vegas 15 |
BOTTOM OF THE 8TH |
Las Vegas Stars batting - Pitching for San Jose Missions : RHP Rafael Ressureio
|
Pitching: RHP José Reyes
|
|
Batting: LHB Clint Parkinson
|
0-0: Swinging Strike 0-1: Ball 1-1: Ball 2-1: Called Strike 2-2: Foul Ball, location: 2F 2-2: Foul Ball, location: 2F 2-2: Strikes out swinging
|
Batting: SHB Sloan James
|
0-0: Ball 1-0: SINGLE (Groundball, 4MS) (infield hit)
|
Pinch Hitting: SHB Walt Simmons
|
0-0: Called Strike 0-1: Ball 1-1: Ball 2-1: 2-RUN HOME RUN (Flyball, 78XD), Distance : 414 ft
|
Batting: RHB Bobby Miller
|
0-0: Called Strike 0-1: Ball 1-1: Swinging Strike 1-2: Foul Ball, location: 2F 1-2: Strikes out looking
|
Batting: SHB Júlio Salazar
|
0-0: Fly out, F4 (Popup, 4D)
|
Bottom of the 8th over - 2 run(s), 2 hit(s), 0 error(s), 0 left on base; San Jose 1 - Las Vegas 17 |
TOP OF THE 9TH |
San Jose Missions batting - Pitching for Las Vegas Stars : RHP Arthur Green
|
Now at 3B: Walt Simmons
|
|
Batting: RHB Peyton Pennington
|
0-0: Ball 1-0: Called Strike 1-1: Ground out U3 (Groundball, 3)
|
Batting: RHB José Sánchez
|
0-0: Foul Ball, location: 2F 0-1: Foul Ball, location: 2F 0-2: Foul Ball, location: 2F 0-2: Ball 1-2: Ball 2-2: Foul Ball, location: 2F 2-2: Foul Ball, location: 2F 2-2: Hit by Pitch
|
Batting: RHB Miguel Mendoza
|
0-0: Fly out, F4 (Line Drive, 4)
|
Batting: RHB Culley Douglas
|
0-0: Ball 1-0: Ball 2-0: Ground out 1-3 (Groundball, P)
|
Top of the 9th over - 0 run(s), 0 hit(s), 0 error(s), 1 left on base; San Jose 1 - Las Vegas 17 |
|